cohdb
Replays
Latest Replays
All Replays
Popular Replays
Top Player Replays
Match Explorer
How It Works
Community
CoH3 Stats
Reddit
Sign in to upload your games and track your stats! →
Sign in with Steam
Match 42795012
Unlisted
Match 42795012
Overview
Messages
Build Orders
End
Selects Italian Coastal Battlegroup
Selects Coastal Reserves
Coastal Reserve
Coastal Reserve
Coastal Reserve
Construct Infanterie Kompanie
MG 42 Machine Gun Team
GrW 34 Mortar Team
Construct Luftwaffe Kompanie
Infanterie Officer Quarters
Jäger Squad
Selects Support Bunkers
Selects Rapid Fortifications
Medical Bunker
Rapid Fortifications
MG 42 Bunker
Construct Panzer Kompanie
Selects Call the Reserves!
Stoßtruppen Squad
Rapid Fortifications
Anti-tank Bunker
Call the Reserves!
Panzer IV Medium Tank
Selects Artillery Officer
Selects Coastal Wall
Rapid Fortifications
MG 42 Bunker
Panzer Officer Quarters
Rapid Fortifications
Repair Bunker
Panzer IV Medium Tank
Side Skirts
Rapid Fortifications
MG 42 Bunker
Nubbl0r
tkotu
0
0
Comments
sign in to comment!
No comments posted yet!